AoeStats
← LeeFvn

Nomad

509552659Analyzed
4v4 RM · 4d ago on Sep 27, 2026· 64m 17s· 8 players
Game mode
Random Map
Map size
231×231
Population
200
Speed
Normal
Resources
Standard
Victory
Conquest
Starting age
Dark Age
Ending age
Imperial Age
RankedLock teamsTeams togetherTeam positionsShared explorationLock speedFull tech treeHidden civsTurbo modeCheats
Victory
Defeat
🇨🇳 Persians · China
1007
+16
🇭🇰 Huns · Hong Kong SAR China
1002
+16
🇨🇳 Varangians · China
987
+17
🇨🇳 Vietnamese · China
975
+17
🇨🇳 Byzantines · China
1066
-19
🇹🇼 Tatars · Taiwan
1061
-19
🇨🇳 Danes · China
942
-14
🇨🇳 Romans · China
941
-14
LeeFvn
6:17 Loom
15:04 Feudal Age
18:23 Fishing Lines
20:32 Wheelbarrow
22:52 Castle Age
24:07 Gillnets
26:42 Medium Warships
27:11 Squires
26:59 Gambesons
27:06 Gold Mining
27:12 Stone Mining
27:24 Scale Mail Armor
29:09 Hand Cart
30:24 Double-Bit Axe
33:27 Forging
35:57 Horse Collar
36:28 Bow Saw
41:03 Imperial Age
41:25 Heavy Plow
42:05 Stone Shaft Mining
41:25 Elite Varangian Guard
44:10 Conscription
44:24 Chain Mail Armor
44:45 Iron Casting
45:45 Plate Mail Armor
45:21 Scale Barding Armor
45:21 Husbandry
45:31 Bloodlines
45:06 Gothikon
52:34 Elite Jarl
54:18 Blast Furnace
53:39 Chain Barding Armor
54:21 Two-Man Saw
53:53 Crop Rotation
53:19 Vendel Legacy
55:01 Arson
57:08 Ballistics
57:49 Chemistry
56:31 Treadmill Crane
着什么急
12:59 Feudal Age
19:21 Castle Age
21:04 Bloodlines
20:54 Husbandry
22:18 Fishing Lines
24:25 Wheelbarrow
23:57 Double-Bit Axe
24:59 Scale Barding Armor
26:06 Horse Collar
28:56 Forging
29:16 Heavy Plow
30:55 Gold Mining
31:22 Hand Cart
37:03 Imperial Age
37:01 Stone Mining
37:51 Gold Shaft Mining
41:07 Cavalier
43:47 Iron Casting
43:33 Chain Barding Armor
48:48 Loom
51:58 Stone Shaft Mining
54:30 Bow Saw
54:08 Pikeman
54:48 Squires
54:34 Arson
55:44 Conscription
55:31 Halberdier
55:44 Halberdier
58:24 Iron Casting
57:49 Scale Mail Armor
58:09 Chain Barding Armor
57:21 Light Cavalry
58:30 Hussar
60:18 Crop Rotation
60:54 Two-Man Saw
62:13 Blast Furnace
61:48 Plate Barding Armor
61:29 Chain Mail Armor
63:37 Chemistry
不知者
16:11 Feudal Age
18:09 Loom
20:54 Castle Age
19:12 Double-Bit Axe
19:27 Fishing Lines
20:29 Scale Barding Armor
23:10 Bow Saw
24:15 Gillnets
25:50 Wheelbarrow
25:58 Bloodlines
27:11 Husbandry
27:48 Marauders
28:45 Chain Barding Armor
29:55 Forging
32:21 Hand Cart
34:33 Horse Collar
38:13 Imperial Age
36:49 Iron Casting
36:46 Heavy Plow
38:06 Scale Mail Armor
37:31 Pikeman
38:33 Town Watch
40:49 Conscription
42:41 Gold Mining
42:42 Stone Mining
44:01 Elite Tarkan
46:30 Plate Barding Armor
48:24 Blast Furnace
48:54 Halberdier
49:59 Scale Mail Armor
51:06 Squires
52:27 Chain Mail Armor
55:18 Gold Shaft Mining
60:42 Two-Man Saw
yukido
15:51 Feudal Age
16:51 Fishing Lines
16:58 Double-Bit Axe
19:33 Castle Age
18:24 Gold Mining
18:55 Fletching
20:10 Gillnets
20:31 Medium Warships
22:03 Wheelbarrow
21:31 Bodkin Arrow
21:47 Loom
21:48 Town Watch
23:24 Bow Saw
23:45 Stone Mining
25:37 Ballistics
26:10 Hand Cart
25:56 Town Patrol
26:38 Careening
26:40 Clinker Construction
26:41 Careening
27:56 Masonry
27:50 Horse Collar
31:11 Heavy Plow
31:43 Treadmill Crane
36:59 Imperial Age
37:28 Stone Shaft Mining
38:16 Crop Rotation
38:27 Hoardings
38:22 Paper Money
39:10 Chemistry
39:13 Fortified Wall
41:17 Two-Man Saw
41:07 Block Printing
41:48 Siege Engineers
42:04 Dry Dock
42:05 Carvel Hull
41:50 Bracer
43:40 Padded Archer Armor
43:27 Arrowslits
45:33 Chatras
48:05 Leather Archer Armor
49:22 Ring Archer Armor
49:32 Guilds
50:57 Illumination
51:51 Coinage
56:12 Banking
57:13 Heavy Warships
57:05 Heated Shot
59:40 Elite Cannon Galleon
brandon102372
14:54 Feudal Age
15:34 Fishing Lines
17:55 Bloodlines
17:36 Double-Bit Axe
17:32 Horse Collar
19:35 Forging
22:28 Castle Age
21:32 Scale Barding Armor
21:23 Horse Collar
25:00 Bow Saw
24:53 Heavy Plow
26:16 Chain Barding Armor
29:02 Wheelbarrow
29:15 Husbandry
29:24 Silk Armor
50:16 Hand Cart
51:36 Gillnets
60:54 Medium Warships
61:55 Medium Warships
IceFish
4:40 Loom
15:49 Feudal Age
16:49 Double-Bit Axe
16:52 Fishing Lines
21:03 Castle Age
18:57 Horse Collar
19:51 Gold Mining
21:57 Forging
21:53 Scale Barding Armor
22:01 Bow Saw
23:58 Heavy Plow
25:10 Husbandry
27:42 Stone Mining
29:58 Wheelbarrow
31:04 Hand Cart
35:13 Imperial Age
33:06 Ballistics
32:46 Fletching
34:34 Iron Casting
34:22 Chain Barding Armor
35:17 Stone Shaft Mining
35:45 Gold Shaft Mining
35:21 Bodkin Arrow
35:45 Scale Mail Armor
35:09 Pikeman
35:49 Squires
35:36 Heavy Camel Rider
37:38 Conscription
38:26 Elite Cataphract
40:28 Plate Barding Armor
42:10 Logistica
42:05 Bracer
43:34 Crop Rotation
43:31 Fortified Wall
43:39 Padded Archer Armor
45:04 Two-Man Saw
44:14 Capped Ram
46:01 Murder Holes
49:22 Chemistry
50:28 Light Cavalry
Q董香酱E
10:27 Loom
14:20 Feudal Age
15:53 Man-at-Arms
16:40 Fishing Lines
17:12 Double-Bit Axe
19:38 Wheelbarrow
22:17 Castle Age
20:17 Stone Mining
20:21 Horse Collar
25:34 Squires
28:17 Scale Mail Armor
29:00 Arson
29:40 Fletching
32:28 Forging
33:05 Gold Mining
38:07 Iron Casting
39:02 Gold Shaft Mining
45:59 Chain Mail Armor
50:13 Imperial Age
55:09 Hand Cart
KaoruRed
3:51 Loom
15:16 Feudal Age
20:21 Castle Age
20:08 Man-at-Arms
20:41 Horse Collar
20:53 Double-Bit Axe
24:41 Squires
24:44 Heavy Plow
25:39 Wheelbarrow
26:04 Town Watch
26:54 Fletching
27:43 Bodkin Arrow
28:33 Masonry
31:22 Gold Mining
31:23 Stone Mining
33:33 Hand Cart
35:14 Bow Saw
34:30 Long Swordsman
35:15 Scale Mail Armor
37:05 Chain Mail Armor
36:56 Pikeman
39:36 Forging
42:50 Imperial Age
43:55 Conscription
44:03 Forging
45:15 Gold Shaft Mining
46:11 Crop Rotation
45:27 Legionary
50:43 Iron Casting
53:38 Blast Furnace
Connection lost

Rejoining the realm…

Still unreachable

The connection could not be restored.

Session expired

The server has moved on; the page needs a fresh start.